Workbook
Name jk: #REF!
Name jk: #REF!
Name years_contract: [1]Kerlink!$D$5

Sheet Summary
C2: Product : | D2: IBS / DAS | J2: Tanggal P&L: | M2: 45204
C3: Status P&L | D3: New
B5: Site Information | E5: Technical Information | J5: Financial Summary
B6: Site Name | D6: RS Brawijaya Antasari | E6: IBC | K6: Capex DAS | M6: =IRR!G9 -> 366863118
K7: Capex /antenna | M7: =M6/IRR!F9 -> 7805598.3
B8: Address | E8: Antena PKS BM | H8: 47 (MOS) | K8: Contract Period (thn) | M8: 5
E9: Antena Asset | H9: 7 (Resell Isat) | K9: Interest rate /year | M9: =[2]IRR!F3 -> 0.1
B10: Area building | D10: DKI Jakarta | E10: Jumlah Pole Makro | H10: 2 pole 6m | K10: Kurs 1USD | M10: 0
B11: Type of building | D11: Hospital | K11: Total Capex BV | M11: =IRR!G10 -> 96100100
K12: Total Capex New DAS | M12: =IRR!G9 -> 366863118
B13: Status | D13: New | K13: Total Opex Sewa | M13: =IRR!L23 -> 270000000
K14: Total Opex Other | M14: =SUM(IRR!L24:L26) -> 321964000
B15: Total floor | D15: 4 | E15: OPENET | K15: Total Revenue | M15: =IRR!L20 -> 1439280000
B16: No of building tower | D16: 1 | E16: Cable FO (Core) | H16: 0
E17: Cable FO (meter) | H17: 0 | K17: IRR | M17: =IRR!F41 -> 0.12160248
E18: Drop Wire (meter) | H18: 0 | K18: NPV | M18: =IRR!F42 -> 35050642
E19: OTHERS | K19: EBITDA margin | M19: =IRR!F43 -> 0.58870824
K20: Payback (year) | M20: =IRR!F44 -> 3.791527
B22: Target Achieved by Commercial: | L22: Prepared by
B23: Revenue | D23: : Tidak ada penurunan harga Renewal Operator | L23: Citra Kartika
D24: : Sebelumnya Reseller Isat menjadi MOS IBS
D25: :
B29: Approved by

Sheet IRR
B1: 0025/03/IRR/IBC/XI/2023 | K1: RS BRAWIJAYA ANTASARI
B2: General
C3: Tax Rate | F3: 0.02
C4: Interest Rate | F4: 0.1
C5: SG&A | F5: 0.05 | G5: from Revenues
C6: BHPUSO | F6: 0 | G6: from Revenues
C7: Price Adjustment after 5 years | F7: 0.15
G8: Y1 | H8: Y2 | I8: Y3 | J8: Y4 | K8: Y5
B9: Total CAPEX | E9: New DAS | F9: 47 | G9: =391863118-25000000 -> 366863118 | H9: 0 | I9: 0 | J9: 0
E10: Book Value Capex | G10: 96100100
G12: 2024 | H12: 2025 | I12: 2026 | J12: 2027 | K12: 2028
B13: IRR Calculation | G13: Year 1 | H13: Year 2 | I13: Year 3 | J13: Year 4 | K13: Year 5 | L13: Total
B14: Months of Service | G14: 12 | H14: 12 | I14: 12 | J14: 12 | K14: 12
B16: Revenues
C17: TSEL | G17: 137856000 | H17: 137856000 | I17: =H17 -> 137856000 | J17: =I17 -> 137856000 | K17: =J17 -> 137856000 | L17: =SUM(G17:K17) -> 689280000
C18: XL | G18: 150000000 | H18: 150000000 | I18: 150000000 | J18: =I18 -> 150000000 | K18: =J18 -> 150000000 | L18: =SUM(G18:K18) -> 750000000
C19: IOH
B20: Total Revenues (SF) | G20: =SUM(G17:G19) -> 287856000 | H20: =SUM(H17:H19) -> 287856000 | I20: =SUM(I17:I19) -> 287856000 | J20: =SUM(J17:J19) -> 287856000 | K20: =SUM(K17:K19) -> 287856000 | L20: =SUM(G20:K20) -> 1439280000
B22: OPEX
C23: Lease to BM | G23: 270000000 | L23: =SUM(G23:K23) -> 270000000
C24: Electricity | G24: 36000000 | H24: 36000000 | I24: 36000000 | J24: 36000000 | K24: 36000000 | L24: =SUM(G24:K24) -> 180000000
C25: Maintenance | G25: 14000000 | H25: 14000000 | I25: 14000000 | J25: 14000000 | K25: 14000000 | L25: =SUM(G25:K25) -> 70000000
C26: SG&A | G26: =G20*$F$5 -> 14392800 | H26: =H20*$F$5 -> 14392800 | I26: =I20*$F$5 -> 14392800 | J26: =J20*$F$5 -> 14392800 | K26: =K20*$F$5 -> 14392800 | L26: =SUM(G26:K26) -> 71964000
B27: Total OPEX | G27: =SUM(G23:G26) -> 334392800 | H27: =SUM(H23:H26) -> 64392800 | I27: =SUM(I23:I26) -> 64392800 | J27: =SUM(J23:J26) -> 64392800 | K27: =SUM(K23:K26) -> 64392800 | L27: =SUM(L23:L26) -> 591964000
B28: Total EBITDA | G28: =G20-G27 -> -46536800 | H28: =H20-H27 -> 223463200 | I28: =I20-I27 -> 223463200 | J28: =J20-J27 -> 223463200 | K28: =K20-K27 -> 223463200 | L28: =L20-L27 -> 847316000
B29: Ebitda margin | G29: 0 | H29: =H28/H20 -> 0.77630204 | I29: =I28/I20 -> 0.77630204 | J29: =J28/J20 -> 0.77630204 | K29: =K28/K20 -> 0.77630204 | L29: =L28/L20 -> 0.58870824
B30: Depreciation Expense | G30: =G52 -> 92592644 | H30: =H52 -> 92592644 | I30: =I52 -> 92592644 | J30: =J52 -> 92592644 | K30: =K52 -> 92592644 | L30: =SUM(G30:K30) -> 462963218
B31: Total EBIT | G31: =G28-G30 -> -1.3912944e+08 | H31: =H28-H30 -> 1.3087056e+08 | I31: =I28-I30 -> 1.3087056e+08 | J31: =J28-J30 -> 1.3087056e+08 | K31: =K28-K30 -> 1.3087056e+08 | L31: =L28-L30 -> 384352782
B32: Interest Expense | G32: =Q77 -> 25830558 | H32: =R77 -> 38013746 | I32: =S77 -> 28805750 | J32: =T77 -> 20218355 | K32: =U77 -> 11630960 | L32: =SUM(G32:K32) -> 1.2449937e+08
B33: EBT | G33: =G31-G32 -> -1.6496e+08 | H33: =H31-H32 -> 92856810 | I33: =I31-I32 -> 1.0206481e+08 | J33: =J31-J32 -> 1.106522e+08 | K33: =K31-K32 -> 1.192396e+08 | L33: =SUM(G33:K33) -> 2.5985341e+08
B34: Tax Expense | G34: =IF(G33<0,0,G33*$F$3) -> 0 | H34: =IF(H33<0,0,H33*$F$3) -> 1857136.2 | I34: =IF(I33<0,0,I33*$F$3) -> 2041296.1 | J34: =IF(J33<0,0,J33*$F$3) -> 2213044 | K34: =IF(K33<0,0,K33*$F$3) -> 2384791.9 | L34: =SUM(G34:K34) -> 8496268.3
B35: Net Income | G35: =G33-G34 -> -1.6496e+08 | H35: =H33-H34 -> 90999674 | I35: =I33-I34 -> 1.0002351e+08 | J35: =J33-J34 -> 1.0843916e+08 | K35: =K33-K34 -> 1.168548e+08 | L35: =L33-L34 -> 2.5135715e+08
B37: Capex | F37: =-SUM(G9:G10) -> -462963218 | G37: =-H9+-H10 -> 0 | H37: =-I9+-I10 -> 0 | I37: =-J9+-J10 -> 0 | J37: =-K9+-K10 -> 0 | K37: =-L9+-L10 -> 0
B38: FCFF | F38: =F37 -> -462963218 | G38: =G37+G35+G30 -> -72367358 | H38: =H37+H35+H30 -> 1.8359232e+08 | I38: =I37+I35+I30 -> 1.9261615e+08 | J38: =J37+J35+J30 -> 2.010318e+08 | K38: =K37+K35+K30 -> 2.0944745e+08 | L38: =SUM(F38:K38) -> 2.5135715e+08
B39: Accumulated FCF | F39: =F38 -> -462963218 | G39: =F39+G38 -> -535330576 | H39: =G39+H38 -> -3.5173826e+08 | I39: =H39+I38 -> -1.591221e+08 | J39: =I39+J38 -> 41909697 | K39: =J39+K38 -> 2.5135715e+08
B40: PBP | G40: =IF(AND(F39<0,G39>0),G45-(G39/G38),0) -> 0 | H40: =IF(AND(G39<0,H39>0),H45-(H39/H38),0) -> 0 | I40: =IF(AND(H39<0,I39>0),I45-(I39/I38),0) -> 0 | J40: =IF(AND(I39<0,J39>0),J45-(J39/J38),0) -> 3.791527 | K40: =IF(AND(J39<0,K39>0),K45-(K39/K38),0) -> 0
B41: IRR | F41: =IRR(F38:K38) -> 0.12160248
B42: NPV | F42: =NPV(F4,G38:K38)+F38 -> 35050642
B43: EBITDA margin | F43: =L29 -> 0.58870824
B44: Payback | F44: =SUM(F40:K40) -> 3.791527
G45: 1 | H45: 2 | I45: 3 | J45: 4 | K45: 5
B46: Depreciation Calculation | E46: no of Year depreciated | G46: =G13 -> Year 1 | H46: =H13 -> Year 2 | I46: =I13 -> Year 3 | J46: =J13 -> Year 4 | K46: =K13 -> Year 5
D47: Year 1 | E47: 5 | G47: =SUM(G9:G10)/$E47 -> 92592644 | H47: =G47 -> 92592644 | I47: =H47 -> 92592644 | J47: =I47 -> 92592644 | K47: =J47 -> 92592644
D48: Year 2 | E48: 4 | H48: =H$10/$E48 -> 0 | I48: =H48 -> 0 | J48: =I48 -> 0 | K48: =J48 -> 0
D49: Year 3 | E49: 3 | I49: =I$10/$E49 -> 0 | J49: =I49 -> 0 | K49: =J49 -> 0
D50: Year 4 | E50: 2 | J50: =J$9/$E50 -> 0 | K50: =J50 -> 0
D51: Year 5 | E51: 1
B52: Total Depreciation | G52: =SUM(G47:G51) -> 92592644 | H52: =SUM(H47:H51) -> 92592644 | I52: =SUM(I47:I51) -> 92592644 | J52: =SUM(J47:J51) -> 92592644 | K52: =SUM(K47:K51) -> 92592644
F58: 5 | G58: 2014 | H58: 2015 | I58: 2016 | J58: 2017 | K58: 2018 | L58: 2019 | M58: 2020 | N58: 2021 | O58: 2022 | P58: 2023 | Q58: 2024 | R58: 2025 | S58: 2026 | T58: 2027 | U58: 2028
E59: 2014 | F59: loan | G59: 45797701 | H59: =G59-G60 -> 36638161 | I59: =H59-G60 -> 27478621 | J59: =I59-G60 -> 18319080 | K59: =J59-G60 -> 9159540.2 | L59: =$F$2-$B$4 -> 0 | M59: =$G$2-$B$4 -> 0 | N59: =$H$2-$B$4 -> 0 | O59: =$I$2-$B$4 -> 0 | P59: =$J$2-$B$4 -> 0
F60: Installment/thn | G60: =G59/$F$58 -> 9159540.2
F61: Interest | G61: =((G59*$F$4)*6)/12 -> 2289885.1 | H61: =AVERAGE(G59:H59)*$F$4 -> 4121793.1 | I61: =AVERAGE(H59:I59)*$F$4 -> 3205839.1 | J61: =AVERAGE(I59:J59)*$F$4 -> 2289885.1 | K61: =AVERAGE(J59:K59)*$F$4 -> 1373931 | L61: =AVERAGE(K59:L59)*$F$4 -> 457977.01 | M61: =AVERAGE(L59:M59)*10% -> 0 | N61: =AVERAGE(M59:N59)*10% -> 0 | O61: =AVERAGE(N59:O59)*10% -> 0 | P61: =AVERAGE(O59:P59)*10% -> 0
E62: 2015 | F62: loan | H62: 118120984 | I62: =H62-H$63 -> 94496787 | J62: =I62-$H$63 -> 70872590 | K62: =J62-$H$63 -> 47248394 | L62: =K62-$H$63 -> 23624197 | M62: =L62-$H$63 -> 0 | N62: =$F$2-$B$4 -> 0 | O62: =$G$2-$B$4 -> 0 | P62: =$H$2-$B$4 -> 0 | Q62: =$I$2-$B$4 -> 0 | R62: =$J$2-$B$4 -> 0
F63: Installment/thn | H63: =H62/$F$58 -> 23624197
F64: Interest | H64: =((H62*$F$4)*6)/12 -> 5906049.2 | I64: =AVERAGE(H62:I62)*$F$4 -> 10630889 | J64: =AVERAGE(I62:J62)*$F$4 -> 8268468.9 | K64: =AVERAGE(J62:K62)*$F$4 -> 5906049.2 | L64: =AVERAGE(K62:L62)*$F$4 -> 3543629.5 | M64: =AVERAGE(L62:M62)*$F$4 -> 1181209.8 | N64: =AVERAGE(M62:N62)*10% -> 0 | O64: =AVERAGE(N62:O62)*10% -> 0 | P64: =AVERAGE(O62:P62)*10% -> 0
E65: 2016 | F65: loan | I65: 67888399 | J65: =I65-I66 -> 54310719 | K65: =J65-I66 -> 40733039 | L65: =K65-I66 -> 27155360 | M65: =L65-$I$66 -> 13577680 | N65: =M65-$I$66 -> 0
F66: Installment/thn | I66: =I65/$F$58 -> 13577680
F67: Interest | I67: =((I65*$F$4)*6)/12 -> 3394420 | J67: =AVERAGE(I65:J65)*$F$4 -> 6109955.9 | K67: =AVERAGE(J65:K65)*$F$4 -> 4752187.9 | L67: =AVERAGE(K65:L65)*$F$4 -> 3394420 | M67: =AVERAGE(L65:M65)*$F$4 -> 2036652 | N67: =AVERAGE(M65:N65)*$F$4 -> 678883.99 | O67: =AVERAGE(N65:O65)*$F$4 -> 0
E68: 2020 | F68: loan | M68: 62060189 | N68: =M68-$M69 -> 49648151 | O68: =N68-$M69 -> 37236113 | P68: =O68-$M69 -> 24824076 | Q68: =P68-$M69 -> 12412038 | R68: =Q68-$M69 -> 0
F69: Installment/thn | M69: =M68/$F$58 -> 12412038
F70: Interest | M70: =((M68*$F$4)*6)/12 -> 3103009.5 | N70: =AVERAGE(M68:N68)*$F$4 -> 5585417 | O70: =AVERAGE(N68:O68)*$F$4 -> 4344213.2 | P70: =AVERAGE(O68:P68)*$F$4 -> 3103009.5 | Q70: =AVERAGE(P68:Q68)*$F$4 -> 1861805.7 | R70: =AVERAGE(Q68:R68)*$F$4 -> 620601.89 | S70: =AVERAGE(R68:S68)*$F$4 -> 0
E71: 2023 | F71: loan | P71: 62506627 | Q71: =P71-$P72 -> 50005302 | R71: =Q71-$P72 -> 37503976 | S71: =R71-$P72 -> 25002651 | T71: =S71-$P72 -> 12501325 | U71: =T71-$P72 -> 0
F72: Installment/thn | P72: =P71/F58 -> 12501325
F73: Interest | P73: =((P71*$F$4)*6)/12 -> 3125331.4 | Q73: =AVERAGE(P71:Q71)*$F$4 -> 5625596.4 | R73: =AVERAGE(Q71:R71)*$F$4 -> 4375463.9 | S73: =AVERAGE(R71:S71)*$F$4 -> 3125331.4 | T73: =AVERAGE(S71:T71)*$F$4 -> 1875198.8 | U73: =AVERAGE(T71:U71)*$F$4 -> 625066.27 | V73: =AVERAGE(U71:V71)*$F$4 -> 0
E74: 2024 | F74: loan | Q74: =G9 -> 366863118 | R74: =Q74-$Q75 -> 2.9349049e+08 | S74: =R74-$Q75 -> 2.2011787e+08 | T74: =S74-$Q75 -> 1.4674525e+08 | U74: =T74-$Q75 -> 73372624 | V74: =U74-$Q75 -> 0
F75: Installment/thn | Q75: =Q74/F58 -> 73372624
F76: Interest | Q76: =((Q74*$F$4)*6)/12 -> 18343156 | R76: =AVERAGE(Q74:R74)*$F$4 -> 33017681 | S76: =AVERAGE(R74:S74)*$F$4 -> 25680418 | T76: =AVERAGE(S74:T74)*$F$4 -> 18343156 | U76: =AVERAGE(T74:U74)*$F$4 -> 11005894 | V76: =AVERAGE(U74:V74)*$F$4 -> 3668631.2 | W76: =AVERAGE(V74:W74)*$F$4 -> 0
G77: =G73+G70+G67+G64+G61 -> 2289885.1 | H77: =H73+H70+H67+H64+H61 -> 10027842 | I77: =I73+I70+I67+I64+I61 -> 17231148 | J77: =J73+J70+J67+J64+J61 -> 16668310 | K77: =K73+K70+K67+K64+K61 -> 12032168 | L77: =L73+L70+L67+L64+L61 -> 7396026.5 | M77: =M73+M70+M67+M64+M61 -> 6320871.3 | N77: =N73+N70+N67+N64+N61 -> 6264301 | ... P77: =P73+P70+P67+P64+P61 -> 6228340.8 | Q77: =Q73+Q70+Q67+Q64+Q61+Q76 -> 25830558 | R77: =R73+R70+R67+R64+R61+R76 -> 38013746 | S77: =S73+S70+S67+S64+S61+S76 -> 28805750 | T77: =T73+T70+T67+T64+T61+T76 -> 20218355 | U77: =U73+U70+U67+U64+U61+U76 -> 11630960 | V77: =V73+V70+V67+V64+V61+V76 -> 3668631.2

Sheet PARAMETER
B1: Year 1 | C1: Year 2 | D1: Year 3 | E1: Year 4 | F1: Year 5 | G1: Year 6 | H1: Year 7 | I1: Year 8 | J1: Year 9 | K1: Year 10
A2: loan | B2: =IRR!G9 -> 366863118 | C2: =$B$2-$B$4 -> 2.9349049e+08 | D2: =$C$2-$B$4 -> 2.2011787e+08 | E2: =$D$2-$B$4 -> 1.4674525e+08 | F2: =$E$2-$B$4 -> 73372624 | G2: =$F$2-$B$4 -> 0 | H2: =$G$2-$B$4 -> -73372624 | I2: =$H$2-$B$4 -> -1.4674525e+08 | J2: =$I$2-$B$4 -> -2.2011787e+08 | K2: =$J$2-$B$4 -> -2.9349049e+08
A3: Period (thn) | B3: 5
A4: Installment/thn | B4: =$B$2/$B$3 -> 73372624
A5: Interest | B5: =(($B$2*IRR!$F$4)*6)/12 -> 18343156 | C5: =AVERAGE(B2:C2)*IRR!$F$4 -> 33017681 | D5: =AVERAGE(C2:D2)*IRR!$F$4 -> 25680418 | E5: =AVERAGE(D2:E2)*IRR!$F$4 -> 18343156 | F5: =AVERAGE(E2:F2)*IRR!$F$4 -> 11005894 | G5: =AVERAGE(F2:G2)*IRR!$F$4 -> 3668631.2 | H5: =AVERAGE($G$2:$H$2)*[3]IRR!$G$4 -> -3668631.2 | I5: =AVERAGE($H$2:$I$2)*[3]IRR!$G$4 -> -11005894 | J5: =AVERAGE($I$2:$J$2)*[3]IRR!$G$4 -> -18343156 | K5: =AVERAGE($J$2:$K$2)*[3]IRR!$G$4 -> -25680418
F10: person | G10: trip | H10: kamar | I10: Days by Omni | J10: Biaya walktest inhouse/visit | K10: Biaya walktest inhouse/thn
E11: Diisikan | F11: 1 | G11: 1 | H11: 1 | I11: 157
B12: Transport | C12: Pesawat | D12: =C23 -> 3000000 | E12: person | F12: =F11 -> 1 | J12: =F12*D12 -> 3000000
C13: Bandara | D13: 600000 | E13: person | F13: =F11 -> 1 | I13: =IF($I$10<=120,2,IF($I$10>220,4,3)) -> 4 | J13: =D13*F13 -> 600000
C14: Transport | D14: 200000 | E14: Trip | G14: =G11 -> 1 | J14: =G14*D14 -> 200000
B15: Hotel | C15: Hotel | D15: 450000 | E15: kamar | F15: =F11 -> 1 | H15: =H11 -> 1 | I15: =IF($I$10<=120,2,IF($I$10>220,4,3)) -> 4 | J15: =H15*D15*I15 -> 1800000
B16: Uang Saku | C16: Uang Saku | D16: 120000 | E16: person | F16: =F11 -> 1 | I16: =IF($I$10<=120,2,IF($I$10>220,4,3)) -> 4 | J16: =I16*D16*F16 -> 480000
J17: =SUM(J12:J16) -> 6080000 | K17: =J17*2 -> 12160000
B21: PM/Year/Site | C21: Pesawat | E21: Asumsi:
A22: Sulut | B22: 16800000 | C22: 4000000 | E22: Walktest 4x dalam setahun semua operator sekaligus
A23: Makasar | C23: 3000000 | E23: Walktest pertama oleh vendor | I23: 10000000
A24: Bali | B24: 15600000 | C24: 2500000 | E24: Walktest pertama oleh vendor | H24: Pekanbaru | I24: 12000000
A25: Jatim | B25: 15000000 | C25: 2000000 | E25: Walktest pertama oleh vendor | H25: Sumut | I25: 14000000
A26: Jateng | B26: 15000000 | C26: 1850000 | E26: Walktest pertama oleh vendor | H26: Sulsel | I26: 14000000
A27: Jabar | B27: 12000000 | C27: 1200000 | E27: Walktest pertama oleh vendor | H27: Sulut | I27: 17000000
A28: Kalimantan | B28: 16800000 | C28: 2000000 | E28: Walktest pertama oleh vendor | H28: Kalimantan | I28: 14000000
A29: Sumatera | B29: 15720000 | C29: 3500000
A30: Palembang | C30: 2800000
A31: Jabodetabek | B31: 0 | C31: 0 | D31: Inhouse
B33: CM /Year/Oprt
B34: 7000000
A36: LISTRIK
A37: Listrik/Oprt/year DAS+1Pole 3sektor
A38: 0-100 | B38: 36000000
A39: 101-200 | B39: 42000000
A40: 201- | B40: 48000000
A42: Listrik/Oprt/year DAS+2Pole 6sektor
A43: 0-200 | B43: 75000000
A44: 201- | B44: 95000000

Sheet Book Value
B1: 2013 | C1: 2014 | D1: 2015 | E1: 2016 | F1: 2017 | G1: 2018 | H1: 2019 | I1: 2020 | J1: 2021 | K1: 2022 | L1: 2023
A2: DAS | B2: 378250750 | C2: 59213750 | F2: 5064252 | I2: =75650150*0 -> 0 | L2: =62506627*0 -> 0
A3: BTS | C3: 158635410 | E3: 62824147
A5: DAS | B5: =(B2/10)*(2023-B1) -> 378250750 | C5: =(C2/10)*(2023-C1) -> 53292375 | D5: =(D2/10)*(2023-D1) -> 0 | E5: =(E2/10)*(2023-E1) -> 0 | F5: =(F2/10)*(2023-F1) -> 3038551.2 | G5: =(G2/10)*(2023-G1) -> 0 | H5: =(H2/10)*(2023-H1) -> 0 | I5: =(I2/10)*(2023-I1) -> 0 | ... L5: =(L2/10)*(2023-L1) -> 0
A6: BTS | B6: =(B3/10)*(2023-B1) -> 0 | C6: =(C3/10)*(2023-C1) -> 142771869 | D6: =(D3/10)*(2023-D1) -> 0 | E6: =(E3/10)*(2023-E1) -> 43976903 | F6: =(F3/10)*(2023-F1) -> 0 | G6: =(G3/10)*(2023-G1) -> 0 | H6: =(H3/10)*(2023-H1) -> 0 | I6: =(I3/10)*(2023-I1) -> 0 | ... L6: =(L3/10)*(2023-L1) -> 0
A8: DAS | B8: =B2-B5 -> 0 | C8: =C2-C5 -> 5921375 | D8: =D2-D5 -> 0 | E8: =E2-E5 -> 0 | F8: =F2-F5 -> 2025700.8 | G8: =G2-G5 -> 0 | H8: =H2-H5 -> 0 | I8: =I2-I5 -> 0 | ... L8: =L2-L5 -> 0
A9: BTS | B9: =B3-B6 -> 0 | C9: =C3-C6 -> 15863541 | D9: =D3-D6 -> 0 | E9: =E3-E6 -> 18847244 | F9: =F3-F6 -> 0 | G9: =G3-G6 -> 0 | H9: =H3-H6 -> 0 | I9: =I3-I6 -> 0 | ... L9: =L3-L6 -> 0

Sheet Summary Review new
C1: SUMMARY REVIEW
A3: Nama Site | C3: : RSIA Brawijaya
A4: Nama Pemilik | C4: : Brawijaya Medikatama
A5: Alamat Pemilik | C5: : Jl. Taman Brawijaya No. 1 Cipete
A6: Telp | C6: : 021-7211337
A7: Obyek Sewa | C7: : Area roof top
A9: No. | B9: Keterangan | C9: Existing | D9: Renewal
A11: 1. | B11: Scope Of Lease | C11: IBC | D11: IBC
A12: 2. | B12: Obyek Sewa | C12: 47Omni, 8 Pole, 30M2 RBS | D12: 47Omni, 8 Pole, 30M2 RBS
A13: 3. | B13: Periode Sewa | C13: 01/05/2019 s/d 30/04/2024 (5 tahun) | D13: 01/05/2024 s/d 30/04/2029 (5 tahun)
A14: 4 | B14: Harga Sewa / Masa Sewa | C14: Rp. 250.000.000 | D14: Rp. 270.000.000
B15: Harga Sewa / Tahun | C15: Rp. 50.000.000 | D15: Rp. 54.000.000
A16: 5 | B16: Operator Join | C16: Telkomsel (13/07/2021 s/d 12/07/2024) | D16: Telkomsel (13/07/2024 s/d 12/07/2029)
C17: XL (6 /11/2019 s/d 5/11/2024) | D17: XL (6 /11/2024 s/d 5/11/2029)
A18: 6. | B18: Kenaikan/ Penurunan Harga | C18: mengalami kenaikan Harga 8 %
